[Event "Titled Tuesday Blitz November 22 Late 2022"]
[White "Vlassov, Nikolai"]
[Black "Antonova, Nadezhda"]
[WhiteFideId "4103360"]
[BlackFideId "14700182"]
[WhiteElo "2324"]
[BlackElo "1813"]
[Result "1-0"]
[Round "02"]
[TimeControl "180+1"]
[Date "2022.11.23"]
[WhiteClock "0:00:12"]
[BlackClock "0:00:03"]

1. e4 c5 2. c3 d5 3. exd5 Qxd5 4. d4 e6 5. a3 Nf6 6. Nf3 Nc6 7. Be3 cxd4 8. cxd4 Be7 9. Nc3 Qd8 10. Qc2 O-O 11. Bd3 b6 12. Ne4 Nxe4 13. Bxe4 Bb7 14. Bxh7+ Kh8 15. Be4 Rc8 16. Qe2 Bf6 17. Ne5 g6 18. Rd1 Na5 19. Bh6 Bg7 20. Bxg7+ Kxg7 21. h4 Bxe4 22. Qxe4 Qd5 23. Qg4 Nc4 24. Nxc4 Rxc4 25. h5 Qf5 26. Qxf5 gxf5 27. d5 Rc2 28. dxe6 Re8 29. O-O Rxe6 30. Rd7 Ree2 31. Rxa7 Rxb2 32. h6+ Kxh6 33. Rxf7 Kg5 34. Rb7 Kf4 35. Rf7 b5 36. g3+ Kg4 37. Kg2 Ra2 38. Rg7+ Kh5 39. Rh1# 1-0


[Site "https://www.chess.com"]

[Event "Titled Tuesday Blitz November 22 Late 2022"]
[White "Vykouk, Jan"]
[Black "Gutkin, Ilya"]
[WhiteFideId "349658"]
[BlackFideId "16203470"]
[WhiteElo "2378"]
[BlackElo "2265"]
[Result "0-1"]
[Round "02"]
[TimeControl "180+1"]
[Date "2022.11.23"]
[WhiteClock "0:00:25"]
[BlackClock "0:00:28"]

1. e4 e6 2. d4 d5 3. e5 c5 4. c3 Nc6 5. Nf3 Nh6 6. dxc5 Bxc5 7. b4 Bb6 8. Bxh6 gxh6 9. Bd3 Ne7 10. O-O Ng6 11. Qd2 Nh4 12. Nd4 Qg5 13. f4 Qg7 14. g3 Qg4 15. Kh1 Bxd4 16. cxd4 Nf5 17. Nc3 Bd7 18. Be2 Nxg3+ 19. Kg2 Nxe2+ 20. Kf2 Nxc3 21. Qxc3 Qxf4+ 22. Ke1 Qe4+ 23. Kd2 Rc8 24. Qf3 Qxd4+ 25. Qd3 Qxd3+ 26. Kxd3 Bb5+ 0-1


[Site "https://www.chess.com"]

[Event "Titled Tuesday Blitz November 22 Late 2022"]
[White "Walentukiewicz, Michal"]
[Black "Curtis, John"]
[WhiteFideId "1126903"]
[BlackFideId "3200256"]
[WhiteElo "2026"]
[BlackElo "2203"]
[Result "1-0"]
[Round "02"]
[TimeControl "180+1"]
[Date "2022.11.23"]
[WhiteClock "0:01:22"]
[BlackClock "0:01:09"]

1. g3 Nf6 2. Bg2 g6 3. Nf3 d5 4. c4 c6 5. cxd5 cxd5 6. O-O Bg7 7. d3 O-O 8. Nc3 Nc6 9. e4 dxe4 10. dxe4 Qxd1 11. Rxd1 Bg4 12. h3 Bxf3 13. Bxf3 Rad8 14. Be3 e5 15. Nd5 Nxd5 16. exd5 Nd4 17. Kg2 Nc2 18. Rac1 Nxe3+ 19. fxe3 Rd7 20. e4 f5 21. Rc4 Rfd8 22. Rdc1 Bf8 23. Rc7 Bd6 24. Rxd7 Rxd7 25. g4 f4 26. g5 Rc7 27. Rxc7 Bxc7 28. Bg4 Kg7 29. Kf3 h6 30. gxh6+ Kxh6 31. Ke2 Kg5 32. Kf3 Kh4 33. Bc8 b6 34. a4 a5 35. Be6 Bd6 36. Bf7 Kxh3 37. Bxg6 Kh2 38. Bh5 Kg1 39. Kg4 Kf2 40. Kf5 Ke3 41. Ke6 Bb8 42. d6 f3 43. Bxf3 Kxf3 44. Kxe5 Ke3 45. Kd5 Kd3 46. e5 Kc2 47. e6 b5 48. axb5 a4 49. e7 Kxb2 50. e8=Q Bxd6 51. Kxd6 a3 52. b6 a2 53. Qa4 a1=Q 54. Qxa1+ Kxa1 55. b7 Kb2 56. b8=Q+ Kc3 1-0


[Site "https://www.chess.com"]

[Event "Titled Tuesday Blitz November 22 Late 2022"]
[White "Ward, Ieuan C"]
[Black "Averjanov, Alexey"]
[WhiteFideId "406627"]
[BlackFideId "14109867"]
[WhiteElo "2347"]
[BlackElo "2599"]
[Result "0-1"]
[Round "02"]
[TimeControl "180+1"]
[Date "2022.11.23"]
[WhiteClock "0:01:07"]
[BlackClock "0:01:48"]

1. d4 d5 2. c4 dxc4 3. Nc3 a6 4. a4 Nc6 5. e3 Na5 6. Nf3 Nf6 7. Be2 g6 8. O-O Bg7 9. e4 O-O 10. Bg5 c6 11. Ne5 Be6 12. f4 Nb3 13. Rb1 Qxd4+ 14. Qxd4 Nxd4 15. Bxc4 Bxc4 16. Nxc4 b5 17. Nb6 Rad8 18. e5 b4 19. exf6 exf6 20. Ne4 fxg5 21. fxg5 Rfe8 22. Rbe1 Nc2 23. Re2 Bd4+ 24. Kh1 Ne3 25. Rxe3 Bxe3 26. Nf6+ Kg7 27. Nxe8+ Rxe8 28. h4 Bxb6 0-1


[Site "https://www.chess.com"]

[Event "Titled Tuesday Blitz November 22 Late 2022"]
[White "Weetik, Vjacheslav"]
[Black "Tarnowska, Aleksandra"]
[WhiteFideId "4153472"]
[BlackFideId "1180967"]
[WhiteElo "2469"]
[BlackElo "1776"]
[Result "1-0"]
[Round "02"]
[TimeControl "180+1"]
[Date "2022.11.23"]
[WhiteClock "0:00:25"]
[BlackClock "0:00:01"]

1. d4 d5 2. Nf3 Nf6 3. c4 c6 4. Nc3 Bf5 5. cxd5 cxd5 6. Qb3 Qb6 7. Nxd5 Nxd5 8. Qxd5 e6 9. Qb3 Qxb3 10. axb3 a6 11. Ne5 Bc2 12. g3 Bxb3 13. Bg2 Ra7 14. Bd2 Nd7 15. Rc1 Nxe5 16. dxe5 b6 17. O-O Bc5 18. Be3 Bxe3 19. Rc8+ Ke7 20. Rxh8 Bd4 21. Rxh7 Bxe5 22. Rh4 a5 23. Re4 Bf6 24. Re3 Bc4 25. b3 Bb5 26. Rc1 Bd4 27. Re4 Bc5 28. e3 Rd7 29. h4 Rd3 30. Rb1 Rd2 31. Rg4 Bd3 32. Rc1 g6 33. Bf3 Rb2 34. Bd1 Bf5 35. Rf4 Bd6 36. Rfc4 1-0


[Site "https://www.chess.com"]

[Event "Titled Tuesday Blitz November 22 Late 2022"]
[White "Wen, Tommy"]
[Black "Cortes Orihuela, Javier"]
[WhiteFideId "30952255"]
[BlackFideId "3414329"]
[WhiteElo "2733"]
[BlackElo "2080"]
[Result "1-0"]
[Round "02"]
[TimeControl "180+1"]
[Date "2022.11.23"]
[WhiteClock "0:00:41"]
[BlackClock "0:00:28"]

1. e4 e5 2. Nf3 Nc6 3. Bb5 a6 4. Ba4 Nf6 5. O-O Be7 6. Re1 b5 7. Bb3 d6 8. c3 O-O 9. h3 Nb8 10. d4 Nbd7 11. Nbd2 Bb7 12. Bc2 Re8 13. Nf1 Bf8 14. Ng3 g6 15. b3 c6 16. Bg5 Qc7 17. a4 h6 18. Be3 Rec8 19. Qd2 h5 20. Rec1 d5 21. dxe5 Nxe4 22. Bxe4 dxe4 23. Nxe4 Re8 24. Qxd7 Qxd7 25. Nf6+ Kg7 26. Nxd7 Red8 27. Nxf8 Kxf8 28. Rd1 Re8 29. Rd7 Bc8 30. Rc7 Be6 31. Rxc6 Bxb3 32. axb5 axb5 33. Rxa8 Rxa8 34. Rb6 Bc4 35. Nd4 Ra3 36. Nxb5 Bxb5 37. Rxb5 Rxc3 38. Rc5 Rd3 39. Kf1 Rd1+ 40. Ke2 Rg1 41. Kf3 Rd1 42. Bg5 1-0


[Site "https://www.chess.com"]

[Event "Titled Tuesday Blitz November 22 Late 2022"]
[White "Wieczorek, Oskar"]
[Black "Jimenez Almeida, Luis David"]
[WhiteFideId "1133950"]
[BlackFideId "22242244"]
[WhiteElo "2404"]
[BlackElo "2158"]
[Result "1-0"]
[Round "02"]
[TimeControl "180+1"]
[Date "2022.11.23"]
[WhiteClock "0:00:04"]
[BlackClock "0:00:02"]

1. e4 c6 2. d4 Na6 3. c3 Nc7 4. Bd3 g6 5. Nf3 Bg7 6. h3 d6 7. O-O e5 8. Nbd2 Qe7 9. b3 Nf6 10. Ba3 Nd7 11. Nc4 c5 12. dxe5 dxe5 13. Bc2 O-O 14. Qd6 Qxd6 15. Nxd6 Ne6 16. Rad1 Rd8 17. Rd2 b6 18. Rfd1 Ndf8 19. Nxc8 Raxc8 20. Rxd8 Rxd8 21. Rxd8 Nxd8 22. Bd3 f6 23. Bc4+ Nfe6 24. b4 cxb4 25. cxb4 Kf7 26. Bd5 Bf8 27. Kf1 a5 28. Ke2 axb4 29. Bc1 Bc5 30. Nd2 Ke7 31. Nb3 Kd6 32. Bh6 Nf4+ 33. Bxf4 exf4 34. Nd2 b5 35. Nb3 Bb6 36. Nc1 g5 37. Nd3 Bc5 38. h4 h6 39. Kf3 Nc6 40. Bxc6 Kxc6 41. Kg4 Kd6 42. Kf5 Bd4 43. h5 Bc3 44. Kg6 Ke7 45. f3 Kf8 46. Kxh6 Kf7 47. Kh7 Bd2 48. h6 Bc3 49. Nc5 f5 50. exf5 Kf6 51. Ne4+ Kxf5 52. Kg8 Be5 53. h7 g4 54. Nd6+ Ke6 55. Ne8 Bh8 56. Kxh8 Kf7 57. Nd6+ Kf8 58. Nxb5 g3 59. Nd4 Kf7 60. Nc2 Kf8 61. Nxb4 1-0


[Site "https://www.chess.com"]

[Event "Titled Tuesday Blitz November 22 Late 2022"]
[White "Yeritsyan, Hayk"]
[Black "Haydon, David L"]
[WhiteFideId "13307320"]
[BlackFideId "415405"]
[WhiteElo "2365"]
[BlackElo "2317"]
[Result "1-0"]
[Round "02"]
[TimeControl "180+1"]
[Date "2022.11.23"]
[WhiteClock "0:00:07"]
[BlackClock "0:00:42"]

1. d4 c6 2. e4 d5 3. exd5 cxd5 4. Bd3 Nf6 5. h3 Nc6 6. c3 g6 7. Bf4 Bf5 8. Be2 Bg7 9. Nf3 O-O 10. O-O Ne4 11. Bh2 Qd7 12. Nbd2 f6 13. Nxe4 Bxe4 14. Nd2 Bf5 15. Re1 e5 16. Bf3 e4 17. Be2 Be6 18. Qb3 f5 19. Rad1 f4 20. Bg4 Bxg4 21. hxg4 Kh8 22. Re2 f3 23. Ree1 Qxg4 24. Bg3 h5 25. Qxd5 Rae8 26. Rxe4 Rxe4 27. Qxe4 Qxe4 28. Nxe4 fxg2 29. Kxg2 Rd8 30. Ng5 Kg8 31. Ne6 Rd7 32. Nxg7 Kxg7 33. Re1 Kf6 34. Re3 g5 35. Be5+ Kf5 36. b4 a6 37. a4 h4 38. Bh8 Ne7 39. Re5+ Kg6 40. Re6+ Kh5 41. Bf6 Ng6 42. Be5 g4 43. b5 axb5 44. axb5 Kg5 45. c4 Rf7 46. c5 h3+ 47. Kg1 Nh4 48. Bg3 Nf3+ 49. Kf1 Rd7 50. Rd6 Re7 51. Rd5+ Kg6 52. Be5 Kf7 53. c6 bxc6 54. bxc6 Ke6 55. Rd6+ Kf5 56. Rd7 Re6 57. c7 Rc6 58. Rd8 h2 59. Bxh2 Nxh2+ 60. Kg2 Rxc7 61. Kxh2 Kf4 62. Kg2 Rc2 63. d5 g3 64. Rf8+ Ke5 65. Kxg3 Kxd5 66. Re8 Kd6 67. f3 Kd7 68. Re4 Rc1 69. Kf4 Rg1 70. Kf5 Rg3 71. f4 Rg1 72. Kf6 Rf1 73. f5 Rg1 74. Kf7 Kd6 75. f6 Kd7 76. Rd4+ Kc8 77. Ke7 Re1+ 78. Kf8 Rf1 79. f7 Kc7 80. Rd5 Kc6 81. Rg5 Kd7 82. Kg7 Ke7 83. Re5+ Kd6 84. Re3 Rg1+ 85. Kf8 Rf1 86. Ke8 Re1 87. Rxe1 Kc7 88. f8=Q Kb6 89. Qe7 Kb5 90. Kf7 Kc4 91. Re6 Kb3 92. Rd6 Kc2 93. Qc7+ Kb3 94. Rb6+ Ka4 95. Qa7# 1-0


[Site "https://www.chess.com"]

[Event "Titled Tuesday Blitz November 22 Late 2022"]
[White "Young, Ryan"]
[Black "Yi, Richard"]
[WhiteFideId "2049945"]
[BlackFideId "2079518"]
[WhiteElo "2298"]
[BlackElo "2147"]
[Result "1-0"]
[Round "02"]
[TimeControl "180+1"]
[Date "2022.11.23"]
[WhiteClock "0:00:02"]
[BlackClock "0:00:04"]

1. e4 c6 2. d4 d5 3. exd5 cxd5 4. Bd3 Nc6 5. c3 Nf6 6. h3 e5 7. dxe5 Nxe5 8. Bb5+ Bd7 9. Bxd7+ Qxd7 10. Ne2 Bc5 11. O-O O-O 12. Bf4 Ng6 13. Bg3 Rfe8 14. Nd2 Nh5 15. Bh2 Qb5 16. Nb3 Qxe2 17. Nxc5 Qxb2 18. Qxd5 Nhf4 19. Bxf4 Nxf4 20. Qxb7 Qxc3 21. Nb3 a5 22. Rad1 Rab8 23. Qa7 Qc6 24. f3 Qg6 25. Rd2 Ra8 26. Qc5 Nxh3+ 27. Kh2 Nf4 28. Qd6 1-0


[Site "https://www.chess.com"]

[Event "Titled Tuesday Blitz November 22 Late 2022"]
[White "Yuan, Qingyu"]
[Black "monkins"]
[WhiteFideId "8609772"]
[WhiteElo "2359"]
[BlackElo "2285"]
[Result "1-0"]
[Round "02"]
[TimeControl "180+1"]
[Date "2022.11.23"]
[WhiteClock "0:00:13"]
[BlackClock "0:00:02"]

1. e4 c6 2. d4 d5 3. e5 c5 4. Nf3 Nc6 5. dxc5 Bg4 6. Bb5 e6 7. c4 Bxf3 8. Qxf3 Bxc5 9. Nc3 a6 10. Bxc6+ bxc6 11. O-O Ne7 12. Bg5 h6 13. Bxe7 Qxe7 14. Rad1 O-O 15. b3 f6 16. Qe2 fxe5 17. Qxe5 Rf5 18. Qg3 Raf8 19. Rd2 Qg5 20. Qxg5 Rxg5 21. cxd5 exd5 22. Na4 Ba7 23. Rc2 Rf6 24. g3 Rgf5 25. Kg2 g5 26. f3 Re5 27. Nb2 Rfe6 28. Rfc1 Re2+ 29. Kf1 R2e3 30. Kg2 Re2+ 31. Kf1 R2e3 32. Rc3 Re2 33. R1c2 Re1+ 34. Kg2 Bd4 35. Rxc6 1-0


[Site "https://www.chess.com"]

[Event "Titled Tuesday Blitz November 22 Late 2022"]
[White "Zanette, Edgard Vinicius"]
[Black "Martinez Reyes, Pedro Ramon"]
[WhiteFideId "2109263"]
[BlackFideId "3901807"]
[WhiteElo "2211"]
[BlackElo "2354"]
[Result "0-1"]
[Round "02"]
[TimeControl "180+1"]
[Date "2022.11.23"]
[WhiteClock "0:00:07"]
[BlackClock "0:01:58"]

1. e4 c6 2. d4 d5 3. e5 Bf5 4. h4 h5 5. c4 e6 6. Nc3 dxc4 7. Bxc4 Ne7 8. Nge2 Nd5 9. Nxd5 cxd5 10. Bd3 Bxd3 11. Qxd3 Qa5+ 12. Bd2 Qa6 13. Qxa6 Nxa6 14. a3 Kd7 15. Rc1 Be7 16. g3 Rhc8 17. O-O Rc6 18. Rxc6 bxc6 19. Nf4 g6 20. b4 Nc7 21. a4 Rb8 22. Nd3 Na6 23. Rb1 c5 24. dxc5 Nxc5 25. Nxc5+ Bxc5 26. Kf1 Bd4 27. f4 Rc8 28. Ke2 Rc4 29. Kd3 Bf2 30. Rc1 Rxc1 31. Bxc1 Bxg3 32. b5 Kc7 33. Be3 Kb7 34. a5 Bxh4 35. a6+ Kb8 36. Bc5 Bd8 37. Bd6+ Bc7 38. Ke3 h4 39. Kf3 d4 40. Bc5 d3 41. Be3 Ba5 42. b6 Bxb6 43. Bxb6 axb6 44. Ke3 h3 0-1


[Site "https://www.chess.com"]

[Event "Titled Tuesday Blitz November 22 Late 2022"]
[White "vjecspec"]
[Black "Kravtsiv, Martyn"]
[BlackFideId "14113147"]
[WhiteElo "2560"]
[BlackElo "2694"]
[Result "1/2-1/2"]
[Round "02"]
[TimeControl "180+1"]
[Date "2022.11.23"]
[WhiteClock "0:00:21"]
[BlackClock "0:00:09"]

1. e4 e5 2. Nf3 Nc6 3. Bb5 a6 4. Ba4 Nf6 5. O-O Be7 6. Re1 b5 7. Bb3 O-O 8. c3 d5 9. d4 Nxe4 10. dxe5 Be6 11. Nbd2 Nc5 12. Bc2 Bg4 13. h3 Bh5 14. Nb3 Ne6 15. g4 Bg6 16. Bf5 Re8 17. Nbd4 Ncxd4 18. cxd4 c5 19. dxc5 Bxc5 20. Bxe6 fxe6 21. Nd4 Bxd4 22. Qxd4 Rc8 23. Be3 Qh4 24. Kh2 Rf8 25. Rac1 Bc2 26. f4 h5 27. Bf2 Qe7 28. Qd2 Be4 29. Rxc8 Rxc8 30. Rc1 Rxc1 31. Qxc1 hxg4 32. hxg4 Kh7 33. Qc5 Qf7 34. Kg3 Qg6 35. Qe7 Bb1 36. Qh4+ Kg8 37. Qd8+ Kh7 38. Qh4+ Kg8 39. Qd8+ Kh7 40. Qh4+ 1/2-1/2


[Site "https://www.chess.com"]

[Event "Titled Tuesday Blitz November 22 Late 2022"]
[White "Aghasiyev, Kamal"]
[Black "Ardila, Oscar Humberto"]
[WhiteFideId "13402854"]
[BlackFideId "4404742"]
[WhiteElo "2341"]
[BlackElo "1959"]
[Result "1-0"]
[Round "03"]
[TimeControl "180+1"]
[Date "2022.11.23"]
[WhiteClock "0:00:16"]
[BlackClock "0:00:06"]

1. d4 Nf6 2. c4 e6 3. Nf3 Bb4+ 4. Bd2 Qe7 5. g3 O-O 6. Bg2 Na6 7. O-O c5 8. Bg5 h6 9. Bxf6 Qxf6 10. a3 Ba5 11. e4 cxd4 12. e5 Qf5 13. b4 Bc7 14. Re1 d3 15. Nc3 d5 16. cxd5 exd5 17. Nxd5 Qd7 18. Qxd3 Bd8 19. Rad1 Qa4 20. Nd4 Bg4 21. Rc1 Rc8 22. Rxc8 Bxc8 23. Nb5 Be6 24. Nd6 Nc7 25. Nxb7 Nxd5 26. Bxd5 Bxd5 27. Qxd5 Bb6 28. Qf3 Qc2 29. Nd6 Bd4 30. Nf5 Bb6 31. Re2 Qc1+ 32. Kg2 Re8 33. h4 Re6 34. a4 a5 35. bxa5 Bc5 36. Qe4 Qc3 37. a6 Qa5 38. Rb2 Qxa6 39. Rb8+ Bf8 40. Qb4 Qc6+ 41. Kh2 Re8 42. Qb5 Qxb5 43. Rxb5 g6 44. Ne3 Ra8 45. a5 Ra6 46. Kg2 Bg7 47. Nc4 Re6 48. f4 g5 49. hxg5 hxg5 50. Kf3 gxf4 51. gxf4 Rh6 52. Ke4 Rh1 53. a6 Ra1 54. Ra5 Re1+ 55. Kf5 Rc1 56. a7 Rxc4 57. a8=Q+ Kh7 58. Ra1 Rc2 59. Rh1+ Bh6 60. Rxh6+ Kxh6 61. Qh8# 1-0


[Site "https://www.chess.com"]

[Event "Titled Tuesday Blitz November 22 Late 2022"]
[White "Aguilar, Juan"]
[Black "Tanenbaum, Zachary"]
[WhiteFideId "3800091"]
[BlackFideId "2060850"]
[WhiteElo "2481"]
[BlackElo "2744"]
[Result "1-0"]
[Round "03"]
[TimeControl "180+1"]
[Date "2022.11.23"]
[WhiteClock "0:00:12"]
[BlackClock "0:00:04"]

1. d4 d5 2. c4 dxc4 3. e4 b5 4. a4 c6 5. axb5 cxb5 6. Nc3 a6 7. Nxb5 axb5 8. Rxa8 Bb7 9. Ra1 e6 10. f3 f5 11. e5 Nc6 12. Ne2 Nge7 13. Bg5 h6 14. Bxe7 Bxe7 15. Kf2 Nxd4 16. Qxd4 Qxd4+ 17. Nxd4 Bc5 18. Rd1 Ke7 19. Kg3 Rd8 20. Nxf5+ exf5 21. Rxd8 Kxd8 22. Kf4 Bc8 23. h4 Bd4 24. b3 cxb3 25. Bxb5 b2 26. Rd1 Ke7 27. Bd3 g6 28. g4 fxg4 29. fxg4 h5 30. Bxg6 Bf2 31. gxh5 Bxh4 32. h6 Kf8 33. h7 Kg7 34. Be4 Kh8 35. Rb1 Be6 36. Rxb2 Bc8 37. Rb8 Kg7 38. Rxc8 Be7 39. h8=Q+ Kf7 40. Bd5+ Kg6 41. Rg8# 1-0


[Site "https://www.chess.com"]

[Event "Titled Tuesday Blitz November 22 Late 2022"]
[White "Andreikin, Dmitry"]
[Black "Oganian, Miran"]
[WhiteFideId "4158814"]
[BlackFideId "4122488"]
[WhiteElo "2736"]
[BlackElo "2323"]
[Result "1-0"]
[Round "03"]
[TimeControl "180+1"]
[Date "2022.11.22"]
[WhiteClock "0:00:10"]
[BlackClock "0:00:13"]

1. d4 e6 2. Nf3 d5 3. c4 a6 4. cxd5 exd5 5. Nc3 Nf6 6. Bg5 c6 7. e3 Be7 8. Bd3 Nbd7 9. O-O O-O 10. Qc2 Re8 11. Rae1 Nf8 12. Ne5 Ng4 13. Bxe7 Rxe7 14. f4 f6 15. Nxg4 Bxg4 16. Qf2 Bh5 17. Qh4 Bg6 18. f5 Bf7 19. Rf3 Qd6 20. Ne2 Rae8 21. Nf4 c5 22. dxc5 Qxc5 23. Qf2 Nd7 24. Rg3 Ne5 25. Bf1 h5 26. Be2 Ng4 27. Bxg4 hxg4 28. Rxg4 Rxe3 29. Rf1 R8e4 30. h3 Qd4 31. Kh1 Qe5 32. Ng6 Bxg6 33. Rxe4 Qxe4 34. fxg6 Rxh3+ 35. Kg1 Qxg6 36. Qc5 Rh5 37. Qc8+ Kh7 38. Qxb7 Qh6 39. Qxa6 Rh1+ 40. Kf2 Qf4+ 41. Ke1 Qc1+ 42. Kf2 Qxb2+ 43. Qe2 Qd4+ 44. Ke1 Qh4+ 45. Kd2 Qb4+ 46. Kc2 Rh4 47. Qd3+ Kh8 48. g4 Rh2+ 49. Kd1 Qxg4+ 50. Kc1 Qg5+ 51. Kb1 Qe5 52. Qb3 Qe4+ 53. Ka1 Qd4+ 54. Kb1 Qe4+ 55. Ka1 d4 56. Qb8+ Kh7 57. Qxh2+ Kg8 58. Qb2 d3 59. Rd1 g5 60. Qb3+ Kg7 61. Qxd3 Qe5+ 62. Qd4 Qe2 63. Qd2 Qe5+ 64. Qb2 Qf5 65. Rg1 Qc5 66. Rc1 Qf5 67. Rc7+ Kg6 68. Qc2 Qxc2 69. Rxc2 g4 70. a4 f5 71. a5 f4 72. a6 f3 73. a7 1-0


[Site "https://www.chess.com"]

[Event "Titled Tuesday Blitz November 22 Late 2022"]
[White "Antonova, Nadezhda"]
[Black "Urbina Perez, Juan Antonio"]
[WhiteFideId "14700182"]
[BlackFideId "2217368"]
[WhiteElo "1813"]
[BlackElo "2197"]
[Result "0-1"]
[Round "03"]
[TimeControl "180+1"]
[Date "2022.11.23"]
[WhiteClock "0:01:04"]
[BlackClock "0:01:41"]

1. Nf3 d5 2. b3 Bf5 3. Bb2 e6 4. g3 Nf6 5. Bg2 h6 6. O-O c6 7. d3 Be7 8. Nbd2 O-O 9. c4 Nbd7 10. Qc2 Rc8 11. a3 a5 12. Ne5 Nxe5 13. Bxe5 Nd7 14. Bc3 Bf6 15. b4 Bxc3 16. Qxc3 axb4 17. axb4 Ra8 18. Nb3 Qe7 19. Na5 Nf6 20. Ra3 Ra6 21. Rfa1 Qc7 22. Nb3 Rxa3 23. Rxa3 Rb8 24. c5 b6 25. Nd4 bxc5 26. Qxc5 Qb6 27. Nxc6 Qxc5 28. bxc5 Rb1+ 29. Bf1 Bh3 0-1


[Site "https://www.chess.com"]

[Event "Titled Tuesday Blitz November 22 Late 2022"]
[White "Arbunic Castro, Giovanna"]
[Black "Fernandez Siles, Luis"]
[WhiteFideId "3400549"]
[BlackFideId "2209420"]
[WhiteElo "1977"]
[BlackElo "2186"]
[Result "0-1"]
[Round "03"]
[TimeControl "180+1"]
[Date "2022.11.23"]
[WhiteClock "0:00:17"]
[BlackClock "0:01:08"]

1. e4 c5 2. g3 d5 3. exd5 Qxd5 4. Nf3 Bg4 5. Bg2 Qe6+ 6. Kf1 Nc6 7. h3 Bh5 8. g4 Bg6 9. Nc3 Nf6 10. d4 O-O-O 11. Be3 cxd4 12. Nxd4 Nxd4 13. Bxd4 Qc4+ 14. Ne2 e5 15. b3 Qc7 16. c3 exd4 17. cxd4 Kb8 18. Rc1 Qb6 19. Qd2 Bd6 20. f4 Be4 21. Kf2 Rhe8 22. Ng3 Bxg2 23. Kxg2 Nd5 24. Rc4 Bxf4 25. Qd3 Re3 26. Nf5 Rxd3 0-1


[Site "https://www.chess.com"]

[Event "Titled Tuesday Blitz November 22 Late 2022"]
[White "Artemenko, Oleg"]
[Black "Keymer, Vincent"]
[WhiteFideId "14201798"]
[BlackFideId "12940690"]
[WhiteElo "2287"]
[BlackElo "2600"]
[Result "1/2-1/2"]
[Round "03"]
[TimeControl "180+1"]
[Date "2022.11.22"]
[WhiteClock "0:00:12"]
[BlackClock "0:00:03"]

1. d4 Nf6 2. Nc3 d5 3. Bf4 c5 4. e4 Nxe4 5. Nxe4 dxe4 6. dxc5 Qa5+ 7. c3 Qxc5 8. Qa4+ Nc6 9. Qxe4 g6 10. Nf3 Bg7 11. Qe3 Qxe3+ 12. Bxe3 O-O 13. O-O-O Be6 14. Kb1 Rfd8 15. Be2 Bd5 16. Rd2 Ne5 17. Nxe5 Bxe5 18. f3 Be6 19. Rxd8+ Rxd8 20. g3 a6 21. Rd1 Rxd1+ 22. Bxd1 Bd5 23. Kc2 h5 24. b3 Bc6 25. Kd3 Bd6 26. a4 h4 27. Bf2 f5 28. c4 Kf7 29. c5 Bc7 30. b4 h3 31. Kc4 e6 32. b5 Bd5+ 33. Kd3 axb5 34. axb5 g5 35. Be2 e5 36. Kc3 Kf6 37. Bg1 e4 38. fxe4 Bxe4 39. Bf1 g4 40. Kd4 Bf3 41. Ke3 Be5 42. Bxh3 Bd5 43. Bf1 Ke6 44. Kd3 f4 45. Bd4 fxg3 46. Bxe5 g2 47. Bxg2 Bxg2 48. Kd4 Kd7 49. Bg3 Bf1 50. b6 Kc6 1/2-1/2


[Site "https://www.chess.com"]

[Event "Titled Tuesday Blitz November 22 Late 2022"]
[White "Aung Thant Zin"]
[Black "Poliakova, Varvara"]
[WhiteFideId "13000063"]
[BlackFideId "13518313"]
[WhiteElo "2278"]
[BlackElo "2099"]
[Result "1/2-1/2"]
[Round "03"]
[TimeControl "180+1"]
[Date "2022.11.23"]
[WhiteClock "0:00:05"]
[BlackClock "0:00:16"]

1. e4 e5 2. Nf3 Nc6 3. d4 exd4 4. Nxd4 Nf6 5. Nc3 Bb4 6. Nxc6 bxc6 7. Bd3 d5 8. exd5 cxd5 9. O-O O-O 10. Bg5 c6 11. h3 Be7 12. Re1 Be6 13. Ne2 Nd7 14. Bxe7 Qxe7 15. Nd4 Qd6 16. c4 Nc5 17. cxd5 Bxd5 18. Nf5 Qf6 19. Bc2 Rad8 20. Qh5 g6 21. Qg4 Ne6 22. Ne3 Qxb2 23. Qg3 Qg7 24. a4 Rb8 25. Rac1 Rb2 26. Ng4 Rfb8 27. Ne5 Nd4 28. Nd3 Nxc2 29. Rxc2 Rb1 30. Re2 Rxe1+ 31. Rxe1 Rf8 32. Qd6 Qd4 33. Ne5 Qd2 34. Nf3 Qc2 35. Re7 Bxf3 36. gxf3 Qxa4 37. Rc7 Qa1+ 38. Kg2 a5 39. Rxc6 a4 40. Ra6 h5 41. Qb4 Qf6 42. Rxa4 Qg5+ 43. Kh2 Qe5+ 44. Qf4 Qxf4+ 45. Rxf4 Kg7 46. h4 Ra8 47. Kg3 Ra2 48. Rd4 Kf6 49. Rf4+ Ke6 50. Re4+ Kd5 51. Rf4 Ke6 52. Re4+ Kf6 53. Rf4+ Kg7 54. Rd4 Ra6 55. f4 Ra3+ 56. f3 Kf6 57. Rd6+ Ke7 58. Rd4 Ra1 59. Re4+ Kf6 60. Re2 Ra4 61. Re4 Ra3 62. Rb4 Ra5 63. Rd4 Kf5 64. Re4 f6 65. Rb4 Rc5 66. Rd4 Ke6 67. Re4+ Kf7 68. Ra4 Rc7 69. Ra6 Ke7 70. Rb6 Rd7 71. Ra6 Rd6 72. Ra7+ Ke6 73. Ra5 Rd5 74. Ra6+ Kf5 75. Ra4 Rb5 76. Rc4 Rb1 77. Rd4 Rg1+ 78. Kf2 Rb1 79. Kg3 Ra1 80. Rc4 g5 81. Rc5+ Kg6 82. fxg5 Ra6 83. gxf6 Rxf6 84. Rg5+ Kh6 85. f4 Ra6 86. f5 Ra3+ 87. Kf4 Ra4+ 88. Kg3 Ra3+ 89. Kf4 Ra4+ 90. Kg3 Ra3+ 1/2-1/2


[Site "https://www.chess.com"]

[Event "Titled Tuesday Blitz November 22 Late 2022"]
[White "Bach, Matthias"]
[Black "Toniutti, Ezio"]
[WhiteFideId "4603168"]
[BlackFideId "113034"]
[WhiteElo "2165"]
[BlackElo "2215"]
[Result "1-0"]
[Round "03"]
[TimeControl "180+1"]
[Date "2022.11.23"]
[WhiteClock "0:00:52"]
[BlackClock "0:00:47"]

1. d4 d5 2. c4 c6 3. Nc3 Nf6 4. Nf3 a6 5. g3 Bf5 6. Bg2 e6 7. O-O Be7 8. Nd2 O-O 9. e4 dxe4 10. Ndxe4 Nbd7 11. Be3 Qa5 12. a3 Rad8 13. b4 Qc7 14. Qb3 Nxe4 15. Nxe4 Nf6 16. Nc5 Bd6 17. Rad1 h6 18. Rfe1 Bg4 19. Rd2 Bh5 20. Ne4 Be7 21. Nxf6+ Bxf6 22. d5 exd5 23. cxd5 cxd5 24. Rxd5 Rxd5 25. Qxd5 Qc3 26. Rc1 Qxa3 27. Qxh5 Qxb4 28. Qd5 b5 29. Rd1 Qa4 30. Bf3 b4 31. Bc5 Rd8 32. Qxd8+ Bxd8 33. Rxd8+ Kh7 34. Be4+ g6 35. Bd4 1-0


[Site "https://www.chess.com"]

[Event "Titled Tuesday Blitz November 22 Late 2022"]
[White "Baltaci, Ismail Tarik"]
[Black "Mendonca, Mateus Nakajo"]
[WhiteFideId "6365213"]
[BlackFideId "2110954"]
[WhiteElo "2331"]
[BlackElo "2310"]
[Result "0-1"]
[Round "03"]
[TimeControl "180+1"]
[Date "2022.11.23"]
[WhiteClock "0:02:22"]
[BlackClock "0:01:46"]

1. Nf3 d5 2. c4 e6 3. g3 c6 4. b3 Nf6 5. Bg2 Nbd7 6. O-O Bd6 7. Bb2 O-O 8. e3 a6 9. Qe2 b5 10. d3 Bb7 11. Nc3 Qe7 12. Rfd1 e5 13. cxd5 cxd5 14. e4 d4 15. Nb1 Rac8 16. Nbd2 Rc2 17. Rab1 Ba3 18. Ne1 Rxb2 0-1


[Site "https://www.chess.com"]

[Event "Titled Tuesday Blitz November 22 Late 2022"]
[White "Barria Zuniga, Daniel"]
[Black "Shimanov, Aleksandr"]
[WhiteFideId "3400816"]
[BlackFideId "4198603"]
[WhiteElo "2644"]
[BlackElo "2892"]
[Result "0-1"]
[Round "03"]
[TimeControl "180+1"]
[Date "2022.11.23"]
[WhiteClock "0:00:03"]
[BlackClock "0:00:59"]

1. d4 e6 2. c4 c5 3. d5 d6 4. Nc3 g6 5. e4 Bg7 6. h3 Bxc3+ 7. bxc3 e5 8. Bd3 Qe7 9. Ne2 Nd7 10. O-O f6 11. a4 a5 12. Rb1 Kd8 13. Be3 Kc7 14. Qd2 g5 15. g3 Nh6 16. Kg2 Nf7 17. f4 exf4 18. gxf4 gxf4 19. Nxf4 Nde5 20. Rf2 Ng5 21. Rbf1 Qd7 22. Kh2 Kb8 23. Ne6 Nxe6 24. dxe6 Qxe6 25. Rf5 Qe8 26. Rxf6 Qh5 27. Qg2 Ng4+ 28. Kg1 Nxe3 29. Qg3 Qe5 30. Qxe5 dxe5 31. Rf8 Rxf8 32. Rxf8 Ka7 33. Kf2 Nd1+ 34. Ke2 Nxc3+ 35. Kd2 Nxa4 36. Be2 Bxh3 37. Rf7 Rd8+ 38. Ke3 Be6 39. Rxh7 Nb6 40. Rh6 Bxc4 41. Bxc4 Nxc4+ 42. Kf3 a4 43. Rh2 a3 44. Rh1 b5 45. Ra1 b4 0-1


[Site "https://www.chess.com"]